 Dungeon Crawl Stone Soup version 0.27-a0-1191-g601b473118 (webtiles) character file.

Game seed: 5266946702265248258

1868 HoaS the Grappler (level 8, -1/72 HPs)
             Began as a Troll Hunter on May 23, 2021.
             Was an Elder of Okawaru.
             Slain by a yak (9 damage)
             ... on level 5 of the Dungeon.
             The game lasted 00:09:45 (2885 turns).

HoaS the Grappler (Troll Hunter)                    Turns: 2885, Time: 00:09:46

Health: -1/72      AC:  8    Str: 21    XL:     8   Next: 90%
Magic:  7/9        EV: 12    Int:  7    God:    Okawaru [****..]
Gold:   229        SH:  0    Dex: 12    Spells: 7/7 levels left

rFire    . . .     SeeInvis +     - Unarmed
rCold    . . .     Faith    .   (no shield)
rNeg     . . .     Spirit   .   a - +2 robe {Archmagi}
rPois    .         Reflect  .   (helmet restricted)
rElec    .         Harm     .   g - +1 cloak
rCorr    +         Rampage  .   (gloves unavailable)
Will     .....                  (boots unavailable)
Stlth    +++.......             (no amulet)
HPRegen  1.22/turn              f - ring of resist corrosion
MPRegen  0.11/turn              r - ring of see invisible

@: heroic
A: large, unfitting armour, claws 3, regeneration 1, shaggy fur 1, tough skin 1
a: Renounce Religion, Heroism


You were on level 5 of the Dungeon.
You worshipped Okawaru.
Okawaru was greatly pleased with you.
You visited 1 branch of the dungeon, and saw 5 of its levels.

You collected 229 gold pieces.

Inventory:

Missiles
 c - 4 large rocks
 i - 11 boomerangs (quivered)
 j - 10 poisoned darts
 k - 7 javelins
Armour
 a - a +2 robe of the Archmagi (worn)
 g - a +1 cloak (worn)
Jewellery
 b - a ring of fire
 f - a ring of resist corrosion (left claw)
 r - a ring of see invisible (right claw)
Wands
 d - a wand of digging (7)
 p - a wand of acid (8)
Scrolls
 n - a scroll of teleportation
 q - a scroll of blinking {unknown}
Potions
 h - a potion of berserk rage
 l - 2 potions of haste
 m - a potion of cancellation
 o - a potion of ambrosia


   Skills:
 + Level 2.2(7.2) Fighting
 - Level 6.0(11.0) Throwing
 + Level 1.3(6.3) Armour
 + Level 2.2(7.2) Dodging
 - Level 0.3(5.3) Stealth
 - Level 9.0(14.0) Unarmed Combat
 - Level 3.0 Invocations


You had 7 spell levels left.
You didn't know any spells.
Your spell library was empty.

Dungeon Overview and Level Annotations

Branches:
Dungeon (5/15)
 Temple: D:4-7

Altars:
Okawaru
Uskayaw
Vehumet
Yredelemnul

Annotations:
D:3 1 runed translucent door


Innate Abilities, Weirdness & Mutations

You are too large for most types of armour.
You have claws for hands.
Your natural rate of healing is unusually fast.
You are covered in fur. (AC +1)
You have tough skin. (AC +1)


Message History

Your Unarmed Combat skill increases to level 9!
You need to enable at least one skill for training.
Okay, then.
Unknown command.
You scratch the yak but do no damage. The yak gores you. x2
You claw the yak!
The yak is moderately wounded.
The yak gores you. The yak gores you!
You barely miss the yak.
The yak is moderately wounded.
The yak gores you.
You are too injured to fight recklessly!
You gain the combat prowess of a mighty hero.
The yak gores you but does no damage. The yak gores you!
You claw the yak!
The yak is severely wounded.
The yak gores you. The yak gores you!
* * * LOW HITPOINT WARNING * * *
You claw the yak!
The yak is almost dead.
The yak gores you.
* * * LOW HITPOINT WARNING * * *
You mangle the yak!!
You kill the yak!
Okawaru accepts your kill. The yak gores you!
* * * LOW HITPOINT WARNING * * *
Your base Fighting skill increases to level 2!
Your base Armour skill increases to level 1!
Your base Dodging skill increases to level 2!
You feel better. The yak gores you!
* * * LOW HITPOINT WARNING * * *
You barely miss the yak. You mangle the yak!!
The yak is heavily wounded.
The yak barely misses you.
You barely miss the yak.
The yak is heavily wounded.
The yak gores you!
You die...

........##>..##.......###...
..#.>...##...##.......# ...
# ###...##...###....[.#.....
#####...#.........Y........
...........#...............#
.......##).##....Y..........
......###.......Y...........
..........†####Y............
...........@#.....##........
.....#.....#Y......#........
.....#..#..#....#...........
.....#...................
............##..†......†.
..........###...<........
..........###............
.........................
.........................


You could see a yak.

Vanquished Creatures
  Pikel (D:4)
  Sigmund (D:5)
  4 yaks (D:5)
  A black bear (D:5)
  A necrophage (D:5)
  A sky beast (D:5)
  An ogre (D:5)
  A scorpion (D:5)
  A howler monkey (D:4)
  A jelly (D:5)
  A hound (D:4)
  Jessica (D:3)
  A human skeleton (D:3)
  3 adders
  A dart slug (D:3)
  3 orcs (D:3)
  7 ball pythons
  8 bats
  6 endoplasms
  4 giant cockroaches
  A goblin (D:4)
  3 hobgoblins
  4 jackals (D:2)
  2 quokkas (D:1)
  4 frilled lizards
  A jackal zombie (D:3)
  3 kobolds
  3 rats
69 creatures vanquished.

Vanquished Creatures (others)
  A ball python (D:3)
1 creature vanquished.

Grand Total: 70 creatures vanquished

Notes
Turn   | Place    | Note
-------+----------+-------------------------------------------
     0 | D:1      | HoaS the Troll Hunter began the quest for the Orb.
     0 | D:1      | Reached XP level 1. HP: 19/19 MP: 0/0
    79 | D:1      | Reached skill level 1 in Unarmed Combat
   209 | D:1      | Reached XP level 2. HP: 27/27 MP: 1/1
   878 | D:2      | Found a faded altar of an unknown god.
   883 | D:2      | Reached skill level 2 in Unarmed Combat
   978 | D:2      | Reached XP level 3. HP: 28/33 MP: 2/2
  1072 | D:3      | Noticed Jessica
  1100 | D:3      | Killed Jessica
  1101 | D:3      | Reached skill level 3 in Unarmed Combat
  1113 | D:3      | Found a radiant altar of Vehumet.
  1284 | D:3      | Reached XP level 4. HP: 41/41 MP: 3/3
  1386 | D:3      | Noticed a human
  1387 | D:3      | Found a runed translucent door.
  1396 | D:3      | Found a basalt altar of Yredelemnul.
  1646 | D:3      | Found a hide-covered altar of Uskayaw.
  1662 | D:3      | Found an iron altar of Okawaru.
  1780 | D:3      | Became a worshipper of Warmaster Okawaru
  2009 | D:4      | Noticed Pikel
  2010 | D:4      | Noticed a lemure
  2010 | D:4      | Noticed a lemure
  2010 | D:4      | Noticed a lemure
  2011 | D:4      | Noticed a lemure
  2034 | D:4      | Killed Pikel
  2034 | D:4      | Reached * piety under Okawaru
  2034 | D:4      | Reached ** piety under Okawaru
  2035 | D:4      | Reached skill level 5 in Unarmed Combat
  2035 | D:4      | Reached XP level 5. HP: 43/48 MP: 3/5
  2035 | D:4      | Reached XP level 6. HP: 49/55 MP: 3/6
  2035 | D:4      | Reached XP level 7. HP: 55/62 MP: 3/7
  2446 | D:4      | Reached skill level 6 in Unarmed Combat
  2664 | D:4      | Reached skill level 5 in Throwing
  2713 | D:5      | Entered Level 5 of the Dungeon
  2719 | D:5      | Reached *** piety under Okawaru
  2729 | D:5      | Received a gift from Okawaru
  2799 | D:5      | Reached skill level 7 in Unarmed Combat
  2799 | D:5      | Reached XP level 8. HP: 61/70 MP: 9/9
  2835 | D:5      | Noticed Sigmund
  2844 | D:5      | Killed Sigmund
  2868 | D:5      | Reached skill level 8 in Unarmed Combat
  2875 | D:5      | Reached skill level 9 in Unarmed Combat
  2881 | D:5      | Reached **** piety under Okawaru
  2882 | D:5      | Reached skill level 1 in Armour
  2885 | D:5      | Slain by a yak

Illustrated notes

Levels and vault maps discovered:
D:1:      erik_arrival_orb_chamber, layout_basic, minivault_26
D:2:      layout_rooms, hellmonk_ecumenical_altar_dog_temple
D:3:      layout_loops_ring, fiery_altar_vehumet, minitemple,
          dk_yredelemnul_ordeal, chequers_serial_rivers_micro_d,
          amcnicky_mini_corridor_feature, hangedman_decor_clover_reticule,
          serial_bayou_pond_e, serial_bayou_pond_c, uniq_jessica
D:4:      layout_loops_corners, uniq_pikel
D:5:      layout_cave_pools, gammafunk_temple_overflow_pools,
          minmay_misc_feat_rows, uniq_sigmund

Skill      XL: |  1  2  3  4  5  6  7  8 |
---------------+-------------------------+-----
Unarmed Combat | 1 2 3 5 7 9 |  9.0
Throwing       | 4 5 6 |  6.0
Invocations    | 2 3 |  3.0
Fighting       | 2 |  2.2
Armour         | 1 |  1.3
Dodging        | 2 |  2.2
Stealth        | |  0.3

Action                   |  1- 3 |  4- 6 |  7- 9 || total
-------------------------+-------+-------+-------++-------
Melee: Unarmed           |   103 |    45 |    75 ||   223
       Punch             |     1 |       |     1 ||     2
Throw: Throwing net      |       |     2 |       ||     2
       Large rock        |       |     1 |       ||     1
       Boomerang         |       |       |     9 ||     9
Invok: Heroism           |       |       |     1 ||     1
  Use: Scroll            |     4 |     7 |     2 ||    13
       Potion            |       |     1 |     1 ||     2
 Stab: Sleeping          |     2 |     1 |       ||     3
       Held in net/web   |       |     1 |       ||     1
Armor: Robe              |    50 |    14 |    21 ||    85
Dodge: Dodged            |    64 |    16 |    28 ||   108

Table legend: (Time is in decaauts)
 A = Elapsed time spent in this place.
 B = Non-inter-level travel time spent in this place.
 C = Inter-level travel time spent in this place.
 D = Time resting spent in this place.
 E = Time spent auto-exploring this place.
 F = Levels seen in this place.
 G = Mean time per level.
                   A        B        C        D        E       F      G
               +--------+--------+--------+--------+--------+-----+--------+
         Total |   2873 |   2724 |    149 |     27 |   2152 |   5 |  574.6 |
       Dungeon |   2873 |   2724 |    149 |     27 |   2152 |   5 |  574.6 |
               +--------+--------+--------+--------+--------+-----+--------+

Top non-repeatable levels by time:
     D:4: 865 daAuts
     D:3: 773 daAuts
     D:1: 735 daAuts
     D:2: 334 daAuts
     D:5: 164 daAuts
